 Dungeon Crawl Stone Soup version 0.23.2-1-ga50397a6bc (webtiles) character file.

Game seed: 2922730023479555037

1764 Ethylacetat the Ruffian (level 9, -8/81 HPs)
             Began as a Naga Transmuter on May 8, 2019.
             Was an Initiate of Cheibriados.
             Shot with an arrow by a centaur (10 damage)
             ... on level 6 of the Dungeon.
             The game lasted 00:17:00 (8937 turns).

Ethylacetat the Ruffian (Naga Transmuter)           Turns: 8937, Time: 00:17:01

Health: -8/81      AC:  5    Str: 14    XL:     9   Next: 7%
Magic:  17/17      EV: 13    Int: 18    God:    Cheibriados [......]
Gold:   356        SH:  0    Dex: 12    Spells: 15/19 levels left

rFire    . . .     SeeInvis +   e - +2 dagger (venom)
rCold    . . .     Gourm    .   (no shield)
rNeg     . . .     Faith    .   b - +0 robe
rPois    +         Spirit   .   (no helmet)
rElec    .         Reflect  .   h - +0 cloak
rCorr    .         Harm     .   (no gloves)
MR       ++...                  (no barding)
Stlth    +.........             (no amulet)
HPRegen  0.23/turn              p - ring of protection from magic
MPRegen  0.15/turn              w - +3 ring of evasion

@: very slow
A: large, see invisible, deformed body, poison resistance, slowness 2, slow
metabolism 1, spit poison 1, AC +3
a: Spit Poison, Bend Time, Renounce Religion


You were on level 6 of the Dungeon.
You worshipped Cheibriados.
Cheibriados was noncommittal.
You were hungry.

You visited 2 branches of the dungeon, and saw 7 of its levels.

You collected 356 gold pieces.

Inventory:

Hand Weapons
 e - a +2 dagger of venom (weapon)
Missiles
 a - 140 arrows
Armour
 b - a +0 robe (worn)
 h - a +0 cloak (worn)
Jewellery
 p - a ring of protection from magic (left hand)
 w - a +3 ring of evasion (right hand)
Wands
 q - a wand of disintegration (20)
 x - a wand of polymorph (5)
Scrolls
 c - 2 scrolls of enchant weapon {unknown}
 g - 2 scrolls of amnesia {unknown}
 i - 3 scrolls of remove curse
 k - 2 scrolls of identify
 l - 3 scrolls of teleportation
 m - a scroll of fear {unknown}
 n - a scroll of noise {unknown}
 r - a scroll of random uselessness {unknown}
 v - a scroll of fog {unknown}
Potions
 f - a potion of degeneration {unknown}
 j - a potion of invisibility {unknown}
 o - 2 potions of curing {unknown}
 s - a potion of brilliance {unknown}
 u - 2 potions of berserk rage {unknown}
Comestibles
 d - 8 rations


   Skills:
 + Level 5.5 Fighting
 - Level 1.7 Dodging
 + Level 6.3 Unarmed Combat
 + Level 5.5 Spellcasting
 + Level 5.9 Transmutations


You had 15 spell levels left.
You knew the following spells:

 Your Spells              Type           Power        Failure   Level  Hunger
a - Beastly Appendage     Tmut           ####..       1%          1    None
b - Spider Form           Tmut/Pois      ###.......   11%         3    ##.....

Your spell library contained the following spells:

 Spells                   Type           Power        Failure   Level  Hunger
 Sticks to Snakes         Tmut           ####....     1%          2    None
 Blade Hands              Tmut           ####......   30%         5    #####..
 Ice Form                 Ice/Tmut       ###.....     36%         4    ####...


Dungeon Overview and Level Annotations

Branches:
Dungeon (6/15)             Temple (1/1) D:6

Altars:
Ashenzari
Cheibriados
Dithmenos
Elyvilon
Fedhas
Gozag
Hepliaklqana
Makhleb
Nemelex Xobeh
Okawaru
Ru
Sif Muna
Trog
Uskayaw
Vehumet
Wu Jian
Xom
Yredelemnul
Zin
The Shining One

Shops:
D:4 :![


Innate Abilities, Weirdness & Mutations

You cannot wear boots.
Your serpentine skin is tough. (AC +3)
You have supernaturally acute eyesight. (SInv)
Armour fits poorly on your strangely shaped body.
Your system is resistant to poisons. (rPois)
You cover ground very slowly.
You have a slow metabolism.
You can spit poison.


Message History

The arrow hits you!
The centaur shoots an arrow.
The arrow hits you.
The centaur wields a +0 shortbow.
The centaur shoots an arrow.
The arrow hits you.
* * * LOW HITPOINT WARNING * * *
The centaur shoots an arrow.
The arrow closely misses you.
The centaur shoots an arrow.
The arrow hits you!
* * * LOW HITPOINT WARNING * * *
The centaur shoots an arrow.
The arrow hits you!
* * * LOW HITPOINT WARNING * * *
The centaur shoots an arrow.
The arrow barely misses you.
The centaur shoots an arrow.
The arrow hits you but does no damage.
The centaur shoots an arrow.
The arrow misses you.
You see here 12 arrows.
Okay, then.
Okay, then.
The centaur shoots an arrow.
The arrow barely misses you.
The centaur shoots an arrow.
The arrow closely misses you.
The centaur shoots an arrow.
The arrow misses you.
The centaur shoots an arrow.
The arrow hits you!
You die...

≈≈≈≈≈≈.. .cc.≈≈≈≈≈....##
≈≈≈≈≈≈≈...ccc≈≈≈≈≈≈.....#
≈≈≈≈≈≈≈≈≈.c≈≈≈≈≈≈≈≈.....#
≈≈≈≈≈≈≈≈≈≈≈≈≈≈≈≈≈≈......#
≈≈≈≈≈≈≈≈≈≈≈≈≈≈≈.........#
.###≈≈≈≈≈≈≈≈............#
.# ≈≈≈ #........(....#
.## #.# #....<(....## ..#
#.#########@###### #.#
#..)......).# ..#
####.#######.####
#.###....###...#)...##
#...<..####.......)..##
#....#..##.......>....#
#.#...#...............#
..###.................#
### #####............##


You could see 4 centaurs.

Vanquished Creatures
  An orc warrior (D:6)
  A phantom (D:5)
  A sky beast (D:6)
  A centaur (D:2)
  3 ogres
  3 bullfrogs (D:6)
  A wyvern skeleton (D:6)
  A howler monkey (D:5)
  2 bullfrog zombies
  A crimson imp (D:4)
  A hound (D:6)
  2 bullfrog skeletons (D:6)
  2 orc priests
  Terence (D:3)
  An iguana (D:4)
  3 orc wizards
  4 worker ants
  7 adders
  18 gnolls
  An adder zombie (D:6)
  An ooze (D:3)
  An adder skeleton (D:5)
  3 worms
  4 dart slugs
  3 leopard geckos
  19 orcs
  3 giant cockroaches
  15 goblins
  7 hobgoblins
  24 jackals
  6 kobolds
  5 quokkas
  A ball python (D:3)
  5 bats
  4 frilled lizards
  A giant cockroach zombie (D:6)
  A leopard gecko skeleton (D:4)
  9 rats
167 creatures vanquished.

Notes
Turn   | Place    | Note
-------+----------+-------------------------------------------
     0 | D:1      | Ethylacetat the Naga Transmuter began the quest for the
                  | Orb.
     0 | D:1      | Reached XP level 1. HP: 18/18 MP: 3/3
   340 | D:1      | Reached XP level 2. HP: 25/25 MP: 5/5
   733 | D:1      | HP: 1/25 [jackal (3)]
  1296 | D:1      | Reached XP level 3. HP: 26/31 MP: 6/6
  1301 | D:1      | Learned a level 3 spell: Spider Form
  2143 | D:2      | Reached XP level 4. HP: 35/39 MP: 7/7
  2435 | D:2      | Found an ornate altar of the Wu Jian Council.
  2569 | D:2      | Noticed a centaur
  2581 | D:2      | Killed a centaur
  2581 | D:2      | Reached XP level 5. HP: 5/46 MP: 2/9
  2944 | D:3      | Noticed Terence
  2963 | D:3      | Killed Terence
  2963 | D:3      | Reached skill level 4 in Unarmed Combat
  3175 | D:3      | Reached XP level 6. HP: 24/55 MP: 10/10
  3600 | D:3      | Found a sparkling altar of Nemelex Xobeh.
  4301 | D:4      | Found a basalt altar of Yredelemnul.
  4330 | D:4      | Found Qofoxuyn's Armour Shoppe.
  4344 | D:4      | Reached XP level 7. HP: 21/62 MP: 9/12
  4759 | D:4      | Found a white marble altar of Elyvilon.
  5053 | D:4      | Found Fiuru's Distillery.
  5111 | D:4      | Found Vanud's Book Emporium.
  5158 | D:5      | Entered Level 5 of the Dungeon
  5870 | D:5      | Reached skill level 5 in Unarmed Combat
  6120 | D:5      | Found an iron altar of Okawaru.
  6299 | D:5      | Found a deep blue altar of Sif Muna.
  6438 | D:6      | Reached XP level 8. HP: 15/72 MP: 10/14
  7007 | D:6      | Reached skill level 5 in Transmutations
  7854 | D:6      | Got a crystal hand axe
  7858 | D:6      | Identified the cursed +1 hand axe of Division {protect,
                  | SInv} (You found it on level 6 of the Dungeon)
  7937 | D:6      | Reached skill level 5 in Fighting
  7937 | D:6      | Reached skill level 5 in Spellcasting
  8151 | D:6      | Reached skill level 6 in Unarmed Combat
  8256 | D:6      | Found a staircase to the Ecumenical Temple.
  8261 | Temple   | Entered the Ecumenical Temple
  8304 | Temple   | Became a worshipper of Cheibriados the Contemplative
  8610 | D:6      | Reached XP level 9. HP: 48/81 MP: 11/17
  8936 | D:6      | HP: 2/81 [centaur/arrow (13)]
  8937 | D:6      | Shot with an arrow by a centaur

Skill      XL: |  1  2  3  4  5  6  7  8 |
---------------+-------------------------+-----
Fighting       | 2 3 4 5 |  5.5
Spellcasting   | 3 4 5 |  5.5
Transmutations | 3 4 5 |  5.9
Unarmed Combat | 4 5 6 |  6.3
Dodging        | |  1.7

Action                   |  1- 3 |  4- 6 |  7- 9 || total
-------------------------+-------+-------+-------++-------
Melee: Unarmed           |    32 |    14 |   158 ||   204
       Punch             |     3 |     3 |     3 ||     9
       Headbutt          |     2 |       |       ||     2
       Dagger            |    98 |   153 |   173 ||   424
 Cast: Beastly Appendage |     2 |       |       ||     2
       Spider Form       |       |     2 |    23 ||    25
 Abil: Spit Poison       |       |       |     3 ||     3
  Use: Scroll            |       |       |     3 ||     3
 Stab: Sleeping          |     1 |     1 |       ||     2
  Eat: Chunk             |     2 |     6 |    14 ||    22
Armor: Robe              |    15 |    35 |    44 ||    94
       Skin              |       |       |     2 ||     2
Dodge: Dodged            |    66 |   103 |   240 ||   409
